 Dungeon Crawl Stone Soup version 0.23-b1-13-gf37ab262a9 (webtiles) character file.

Game seed: 15341937331556803191

9274 MagicalGaucho the Covert (level 11, -5/86 HPs)
             Began as a Naga Venom Mage on Feb 3, 2019.
             Was a High Priest of Cheibriados.
             Slain by a five-headed hydra (13 damage)
             ... on level 11 of the Dungeon.
             The game lasted 00:33:38 (14534 turns).

MagicalGaucho the Covert (Naga Venom Mage)         Turns: 14534, Time: 00:33:38

Health: -5/86      AC:  7    Str: 24    XL:     11   Next: 43%
Magic:  0/23       EV: 10    Int: 31    God:    Cheibriados [*****.]
Gold:   674        SH:  0    Dex: 25    Spells: 2/26 levels left

rFire    . . .     SeeInvis +   a - +1 shortbow (freeze)
rCold    . . .     Gourm    .   (shield currently unavailable)
rNeg     . . .     Faith    .   h - +0 robe
rPois    +         Spirit   .   (no helmet)
rElec    .         Reflect  .   i - +1 cloak
rCorr    .         Harm     .   g - +0 pair of gloves
MR       ++...                  (no barding)
Stlth    ++++++....             (no amulet)
HPRegen  0.24/turn              q - ring of protection from magic
MPRegen  0.18/turn              n - ring of wizardry

@: very slow
A: large, see invisible, deformed body, poison resistance, slowness 2, slow
metabolism 1, spit poison 1, AC +3
a: Spit Poison, Bend Time, Temporal Distortion, Slouch, Step From Time, Renounce
Religion


You were on level 11 of the Dungeon.
You worshipped Cheibriados.
Cheibriados was extremely pleased with you.
You were not hungry.

You visited 2 branches of the dungeon, and saw 12 of its levels.

You collected 674 gold pieces.

Inventory:

Hand Weapons
 a - a +1 shortbow of freezing (weapon)
 d - a +0 spear
 v - a +1 dagger of protection
 K - a +2 dagger of venom
Missiles
 b - 236 stones
 r - 269 arrows (quivered)
Armour
 g - a +0 pair of gloves (worn)
 h - a +0 robe (worn)
 i - a +1 cloak (worn)
 m - a scarf of repulsion
Jewellery
 n - a ring of wizardry (right hand)
 q - a ring of protection from magic (left hand)
 w - a +2 ring of protection
 A - a +2 ring of slaying {unknown}
 C - a +2 ring of dexterity {unknown}
Wands
 k - a wand of random effects (76)
 p - a wand of digging (7)
 L - a wand of paralysis (4)
 M - a wand of iceblast (6)
 O - a wand of flame (10)
 P - a wand of acid (10)
Scrolls
 e - 2 scrolls of immolation
 f - 6 scrolls of teleportation
 x - 2 scrolls of fog {unknown}
 y - a scroll of amnesia {unknown}
 z - 7 scrolls of magic mapping {unknown}
 B - a scroll of enchant armour {unknown}
 D - a scroll of blinking {unknown}
 E - 6 scrolls of remove curse
 G - a scroll of enchant weapon {unknown}
 J - 3 scrolls of identify
 N - a scroll of random uselessness {unknown}
 Q - a scroll of summoning {unknown}
 R - a scroll of fear {unknown}
Potions
 j - a potion of degeneration
 l - a potion of magic
 o - 2 potions of mutation {unknown}
 s - 2 potions of lignification {unknown}
 t - 2 potions of brilliance {unknown}
 u - 2 potions of curing {unknown}
 F - 2 potions of agility {unknown}
 H - a potion of might {unknown}
 I - a potion of flight {unknown}
 S - a potion of resistance {unknown}
Comestibles
 c - 15 rations
 T - 2 chunks of flesh


   Skills:
 + Level 2.2 Fighting
 - Level 1.5 Dodging
 - Level 12.1 Stealth
 - Level 8.0 Spellcasting
 - Level 8.0 Conjurations
 + Level 0.6 Fire Magic
 + Level 2.2 Air Magic
 - Level 12.0 Poison Magic
 + Level 5.1 Invocations


You had 2 spell levels left.
You knew the following spells:

 Your Spells              Type           Power        Failure   Level  Hunger
a - Sting                 Conj/Pois      ####         1%          1    None
b - Poisonous Vapours     Pois/Air       ######       1%          2    None
c - Mephitic Cloud        Conj/Pois/Air  ######..     1%          3    None
d - Olgreb's Toxic Radia  Pois           ######..     1%          4    #......
e - Venom Bolt            Conj/Pois      ######....   1%          5    ####...
f - Airstrike             Air            ####......   6%          4    #......
g - Fireball              Conj/Fire      #####.....   8%          5    ####...

Your spell library contained the following spells:

 Spells                   Type           Power        Failure   Level  Hunger
 Shock                    Conj/Air       ####         1%          1    None
 Swiftness                Chrm/Air       ###.....     1%          2    None
 Ignite Poison            Fire/Tmut/Pois #####...     1%          3    None
 Static Discharge         Conj/Air       #####...     1%          3    None
 Lightning Bolt           Conj/Air       #####.....   6%          5    ####...
 Bolt of Fire             Conj/Fire      #####.....   38%         6    ######.
 Ring of Flames           Chrm/Fire      ##........   100%        7    #######
 Ignition                 Fire           ###.......   100%        8    #######


Dungeon Overview and Level Annotations

Branches:
Dungeon (11/15)            Temple (1/1) D:7            Lair (0/6) D:8
    Orc (0/2) D:9

Altars:
Cheibriados
Dithmenos
Elyvilon
Fedhas
Gozag
Hepliaklqana
Makhleb
Okawaru
Qazlal
Ru
Sif Muna
Trog
Wu Jian
Xom
Yredelemnul
Zin
The Shining One
Beogh

Shops:
D:6 (

Annotations:
D:3 exclusion: downstairs, Sigmund
D:10 exclusion: downstairs
D:11 2 runed translucent doors, oldnick's ghost, novice TrMo


Innate Abilities, Weirdness & Mutations

You cannot wear boots.
Your serpentine skin is tough. (AC +3)
You have supernaturally acute eyesight. (SInv)
Armour fits poorly on your strangely shaped body.
Your system is resistant to poisons. (rPois)
You cover ground very slowly.
You have a slow metabolism.
You can spit poison.


Message History

Okay, then.
Okay, then.
Remove which piece of jewellery? (? for menu, Esc to quit)
Okay, then.
Evoke which item? (* to show all) (? for menu, Esc to quit)
Okay, then.
Evoke which item? (* to show all) (? for menu, Esc to quit)
Okay, then.
Okay, then.
Okay, then.
Okay, then.
You can feel time thicken for a moment.
You feel somewhat more hungry.
Cheibriados lowers the support of your attributes as your movement quickens.
The death knight reflects your damage back at you!
* * * LOW HITPOINT WARNING * * *
The five-headed hydra bites you.
* * * LOW HITPOINT WARNING * * *
The five-headed hydra bites you but does no damage.
The five-headed hydra bites you!
You die...

......C..................
#...............#########
#.......C.....z.#
#...............#
#######...............#####.
............................
................p......###++
#.......WD.......# ...
#..####.@#####...# .. ######
#..# #..# #...#o# †.†..#
#†.# #..# #...#..# .....#
#..# #..# #...#.#.. .....#
#..# #..# #...#..$[ ÷....#
#..####..# #...#..H.
.....####......... ....# ###
#######...........
######.........)


You could see a death knight, a five-headed hydra, a skeletal warrior, a cyclops
and a phantasmal warrior.

Vanquished Creatures
  A freezing wraith (D:11)
  Prince Ribbit (D:6)
  A hippogriff (D:10)
  Grinder (D:5)
  2 humans (D:10)
  18 yaks
  2 hungry ghosts
  Menkaure (D:4)
  2 porcupines (D:8)
  An ice beast (D:5)
  7 orc warriors
  A phantom (D:5)
  2 sky beasts
  An eye of draining (D:7)
  11 ogres
  A necrophage (D:7)
  8 centaurs
  3 crocodiles
  A big kobold (D:8)
  5 bullfrogs
  4 scorpions
  A wyvern skeleton (D:10)
  2 howler monkeys
  2 crimson imps
  A bullfrog zombie (D:7)
  5 hounds
  11 orc wizards
  Crazy Yiuf (D:5)
  2 centaur skeletons
  6 orc priests
  Jessica (D:5)
  An iguana (D:5)
  6 worker ants
  A hound zombie (D:11)
  A worker ant zombie (D:7)
  5 gnolls
  7 adders
  A shadow imp (D:3)
  An ooze (D:3)
  5 worms
  A dart slug (D:2)
  7 leopard geckos
  57 orcs
  5 bats
  9 giant cockroaches
  10 goblins
  7 hobgoblins
  22 jackals
  3 quokkas
  A ball python (D:1)
  A ball python skeleton (D:4)
  4 frilled lizards
  2 jackal skeletons (D:5)
  18 kobolds
  A leopard gecko skeleton (D:4)
  A quokka zombie (D:8)
  6 rats
289 creatures vanquished.

Vanquished Creatures (others)
  13 fungi (D:6)
  A plant (D:8)
14 creatures vanquished.

Grand Total: 303 creatures vanquished

Notes
Turn   | Place    | Note
-------+----------+-------------------------------------------
     0 | D:1      | MagicalGaucho the Naga Venom Mage began the quest for the
                  | Orb.
     0 | D:1      | Reached XP level 1. HP: 15/15 MP: 3/3
   180 | D:1      | Reached XP level 2. HP: 16/22 MP: 0/5
   251 | D:1      | Learned a level 2 spell: Poisonous Vapours
   625 | D:1      | Reached XP level 3. HP: 28/28 MP: 2/6
  2058 | D:2      | Found a faded altar of an unknown god.
  2063 | D:2      | Found a sacrificial altar of Ru.
  2064 | D:2      | Reached XP level 4. HP: 36/36 MP: 4/7
  2890 | D:2      | Learned a level 3 spell: Mephitic Cloud
  3043 | D:3      | Found a bloodstained altar of Trog.
  3356 | D:3      | Noticed an ogre
  3364 | D:3      | Killed an ogre
  3364 | D:3      | Reached skill level 5 in Stealth
  3364 | D:3      | Reached skill level 5 in Poison Magic
  3364 | D:3      | Reached XP level 5. HP: 12/42 MP: 1/9
  3884 | D:3      | Noticed Sigmund
  4308 | D:4      | Noticed Menkaure
  4312 | D:4      | Reached XP level 6. HP: 49/49 MP: 7/10
  4432 | D:4      | Learned a level 4 spell: Olgreb's Toxic Radiance
  4440 | D:4      | You fall through a shaft for 3 floors!
  4839 | D:7      | Noticed a sky beast
  4845 | D:7      | Killed a sky beast
  4845 | D:7      | Reached XP level 7. HP: 55/55 MP: 5/12
  5453 | D:7      | Reached XP level 8. HP: 62/62 MP: 6/14
  5533 | D:7      | Found a staircase to the Ecumenical Temple.
  5542 | Temple   | Entered the Ecumenical Temple
  5589 | Temple   | Became a worshipper of Cheibriados the Contemplative
  5999 | D:7      | Found a glowing golden altar of the Shining One.
  6139 | D:5      | Entered Level 5 of the Dungeon
  6249 | D:4      | Reached skill level 5 in Spellcasting
  6249 | D:4      | Reached skill level 5 in Conjurations
  6376 | D:4      | Reached * piety under Cheibriados
  7134 | D:4      | Killed Menkaure
  7134 | D:4      | Reached XP level 9. HP: 49/67 MP: 15/17
  7286 | D:4      | Got a crude quarterstaff
  7291 | D:4      | Identified the +7 quarterstaff of Defence by Offence
                  | {speed, Dex+4} (You found it on level 4 of the Dungeon)
  7332 | D:5      | Found a runed translucent door.
  7333 | D:5      | Noticed Crazy Yiuf
  7793 | D:5      | Found an ornate altar of the Wu Jian Council.
  7832 | D:5      | Reached ** piety under Cheibriados
  7871 | D:5      | Noticed Grinder
  7888 | D:5      | Killed Grinder
  7888 | D:5      | Reached skill level 10 in Stealth
  8139 | D:5      | Noticed Jessica
  8142 | D:5      | Killed Jessica
  8173 | D:5      | Found a deep blue altar of Sif Muna.
  8343 | D:5      | Killed Crazy Yiuf
  8427 | D:6      | Found a burning altar of Makhleb.
  8444 | D:6      | Learned a level 5 spell: Venom Bolt
  8696 | D:6      | Found Soeggeim's Weapon Boutique.
  8729 | D:6      | Noticed Prince Ribbit
  8735 | D:6      | Killed Prince Ribbit
  9225 | D:6      | Found a burning altar of Makhleb.
  9364 | D:6      | Found a shimmering altar of Xom.
  9989 | D:7      | Reached *** piety under Cheibriados
 10213 | D:7      | Reached XP level 10. HP: 54/74 MP: 1/19
 10428 | D:7      | Reached skill level 10 in Poison Magic
 10990 | D:8      | Reached **** piety under Cheibriados
 11064 | D:8      | Found a staircase to the Lair.
 11579 | D:8      | Found a hazy altar of Hepliaklqana.
 11636 | D:8      | Found a blossoming altar of Fedhas.
 11859 | D:9      | Reached skill level 1 in Invocations
 12392 | D:9      | HP: 3/75 [centaur/arrow (9)]
 12778 | D:9      | Reached ***** piety under Cheibriados
 12778 | D:9      | Reached XP level 11. HP: 81/81 MP: 11/22
 13124 | D:9      | Found a roughly hewn altar of Beogh.
 13124 | D:9      | Found a staircase to the Orcish Mines.
 13397 | D:9      | Found an opulent altar of Gozag.
 13431 | D:9      | Learned a level 4 spell: Airstrike
 13432 | D:10     | Entered Level 10 of the Dungeon
 13531 | D:10     | Reached skill level 1 in Fighting
 13531 | D:10     | Reached skill level 1 in Air Magic
 14102 | D:10     | Found an iron altar of Okawaru.
 14108 | D:10     | Reached skill level 5 in Invocations
 14385 | D:10     | Learned a level 5 spell: Fireball
 14386 | D:11     | Noticed a death knight
 14386 | D:11     | Noticed a skeletal warrior
 14386 | D:11     | Noticed a phantasmal warrior
 14518 | D:11     | Found a runed translucent gate.
 14518 | D:11     | Found a runed translucent gate.
 14530 | D:11     | Noticed a manticore
 14530 | D:11     | Noticed a five-headed hydra
 14530 | D:11     | Noticed oldnick's ghost (novice TrMo)
 14531 | D:11     | Noticed a cyclops
 14534 | D:11     | Slain by a five-headed hydra

Skill      XL: |  1  2  3  4  5  6  7  8  9 10 11 |
---------------+----------------------------------+-----
Stealth        | 4 5 6 7 9 11 12 | 12.1
Conjurations   | 2 3 4 5 6 8 |  8.0
Spellcasting   | 3 4 5 6 7 8 |  8.0
Poison Magic   | 5 6 7 8 9 11 12 | 12.0
Invocations    | 2 5 |  5.1
Fighting       | 2 |  2.2
Air Magic      | 2 |  2.2
Dodging        | |  1.5
Fire Magic     | |  0.6

Action                   |  1- 3 |  4- 6 |  7- 9 | 10-12 || total
-------------------------+-------+-------+-------+-------++-------
Melee: Unarmed           |     6 |       |       |       ||     6
       Spear             |    24 |    83 |       |       ||   107
 Fire: Shortbow          |       |    10 |   239 |   166 ||   415
Throw: Stone             |     3 |       |       |       ||     3
 Cast: Sting             |    10 |     2 |     1 |       ||    13
       Poisonous Vapours |    35 |    63 |    80 |    56 ||   234
       Olgreb's Toxic Ra |       |       |    12 |    26 ||    38
       Mephitic Cloud    |       |       |     3 |     4 ||     7
       Venom Bolt        |       |       |     2 |    15 ||    17
       Fireball          |       |       |       |     4 ||     4
       Airstrike         |       |       |       |     4 ||     4
Invok: Slouch            |       |       |       |     1 ||     1
 Abil: Spit Poison       |     2 |     4 |     1 |     1 ||     8
Evoke: Wand              |       |       |    15 |     7 ||    22
  Use: Scroll            |       |     6 |     1 |     1 ||     8
       Potion            |       |       |       |     2 ||     2
 Stab: Sleeping          |     2 |     3 |       |       ||     5
  Eat: Chunk             |     1 |    11 |    10 |     9 ||    31
       Ration            |     1 |       |     7 |     3 ||    11
Armor: Robe              |     7 |    25 |    39 |    40 ||   111
Dodge: Dodged            |    14 |    44 |    91 |    67 ||   216
       Deflected         |       |       |     6 |       ||     6
